 Dungeon Crawl Stone Soup version 0.32-a0-711-g016ad743e0 (webtiles) character file.

Game seed: 17504598355475732192

11 Revguard the Cutter (level 2, 22/22 HPs)
             Began as a Demonspawn Gladiator on Mar 15, 2024.
             Got out of the dungeon alive.
             The game lasted 00:01:06 (453 turns).

Revguard the Cutter (Demonspawn Gladiator)           Turns: 453, Time: 00:01:06

Health: 22/22      AC:  6    Str: 14    XL:     2   Next: 13%
Magic:  2/2        EV: 10    Int: 10    God:
Gold:   25         SH:  0    Dex: 14    Spells: 1/1 levels left

rFire   . . .        a - +0 rapier
rCold   . . .        (no shield)
rNeg    . . .        i - +0 ring mail
rPois   .            c - +0 helmet
rElec   .            (no cloak)
rCorr   .            (no gloves)
SInv    .            (no boots)
Will    .....        (no amulet)
Stlth   +            (no ring)
HPRegen 0.23/turn    (no ring)
MPRegen 0.08/turn

%: no passive effects
@: no status effects
A: big brain 1
a: no special abilities


You escaped.
You visited 1 branch of the dungeon, and saw 1 of its levels.

You collected 25 gold pieces.

Inventory:

Hand Weapons
 a - a +0 rapier (weapon)
Missiles
 d - 3 throwing nets (quivered)
 e - a javelin
Armour
 b - a +0 leather armour
 c - a +0 helmet (worn)
 i - a +0 ring mail (worn)
Scrolls
 h - a scroll of enchant weapon {unknown}
 j - a scroll of identify {unknown}
Potions
 f - 2 potions of heal wounds {unknown}
 g - a potion of might {unknown}


   Skills:
 + Level 2.1 Fighting
 + Level 2.8 Short Blades
 - Level 1.7 Throwing
 + Level 0.3 Armour
 + Level 2.7 Dodging
 + Level 0.5 Stealth
 + Level 0.7 Evocations


You had one spell level left.
You didn't know any spells.
Your spell library was empty.

Dungeon Overview and Level Annotations

Branches:
Dungeon (1/15)

Altars:


Innate Abilities, Weirdness & Mutations

You have an unusually large brain. (Int +2)


Message History

The kobold hits you with a +0 whip.
You hit the kobold.
The kobold is severely wounded.
The kobold completely misses you.
You hit the kobold but do no damage.
The kobold is severely wounded.
The kobold barely misses you.
You closely miss the kobold.
The kobold is severely wounded.
The kobold barely misses you.
You barely miss the kobold.
The kobold is severely wounded.
The kobold hits you with a +0 whip.
You hit the kobold.
You kill the kobold!
You completely miss the rat. The rat bites you.
You barely miss the rat. The rat bites you.
You hit the rat.
You kill the rat!
Things that are here:
a +0 whip; a stone; a rat corpse
There is an open door here.
A ball python comes into view.
The ball python hisses angrily.
The ball python moves out of view.
A ball python is nearby!
A ball python is nearby!
The ball python completely misses you. The ball python closely misses you.
You hit the ball python.
You kill the ball python!
Found a book of Cantrips.
You see here a ball python corpse.
Okay, then.
You open the door.
There is an open door here.
You see here a +0 sling.
There is a staircase leading out of the dungeon here.
You can't go down here!
Alright, then stay!
You have escaped!

####...####
#.........#
#.........#
#.........#
####...####
#...#
####...####
#.........#
#.ß..@..ß.#
#.........#
###########


There were no monsters in sight!

Vanquished Creatures
  5 ball pythons (D:1)
  A goblin (D:1)
  2 hobgoblins (D:1)
  A kobold (D:1)
  A rat (D:1)
10 creatures vanquished.

Notes
Turn   | Place    | Note
-------+----------+-------------------------------------------
     0 | D:1      | Revguard the Demonspawn Gladiator began the quest for the
                  | Orb.
     0 | D:1      | Reached XP level 1. HP: 16/16 MP: 1/1
   301 | D:1      | Gained mutation: You have an unusually large brain. (Int
                  | +2) [demonic ancestry]
   301 | D:1      | Reached XP level 2. HP: 22/22 MP: 2/2
   453 | D:$      | Got out of the dungeon alive.

Illustrated notes

Levels and vault maps discovered:
D:1:      minmay_arrival_hallway, layout_loops_ring, nicolae_nh_oracle_at_delphi

Action                     || total
---------------------------++-------
  Melee: Rapier            ||    39
 Armour: Ring mail         ||    11
         Leather armour    ||     5
         Skin              ||     1
  Dodge: Dodged            ||    36

Table legend: (Time is in decaauts)
 A = Elapsed time spent in this place.
 B = Non-inter-level travel time spent in this place.
 C = Inter-level travel time spent in this place.
 D = Time resting spent in this place.
 E = Time spent auto-exploring this place.
 F = Levels seen in this place.
 G = Mean time per level.
                   A        B        C        D        E       F      G
               +--------+--------+--------+--------+--------+-----+--------+
         Total |    456 |    365 |     91 |      0 |    268 |   1 |  456.0 |
       Dungeon |    456 |    365 |     91 |      0 |    268 |   1 |  456.0 |
               +--------+--------+--------+--------+--------+-----+--------+

Top non-repeatable levels by time:
     D:1: 456 daAuts
